Map: Tropic Shores

Players

Rugi

  • Race: Terran Terran
  • League: Diamond
  • Spawn Location: 5:00

dallaskuken

  • Race: Protoss Protoss
  • League: Platinum
  • Spawn Location: 6:00

Loken

  • Race: Zerg Zerg
  • Spawn Location: 5:00

Myran

  • Race: Protoss Protoss
  • Spawn Location: 6:00

ScooT

  • Race: Terran Terran
  • League: Diamond
  • Spawn Location: 11:00

BlackWizard

  • Race: Zerg Zerg
  • League: Master
  • Spawn Location: 12:00

VodkaPure

  • Race: Protoss Protoss
  • Spawn Location: 0:00

Mendou

  • Race: Protoss Protoss
  • League: Diamond
  • Spawn Location: 12:00

VOD

Have the link to the VOD?

Description

Time

  • Played on: March 11, 2017, 5:26 p.m.
  • Length: 13:28
Show
View Real Time Build Order
Export as new Build Order

Rugi Terran 

Build Orders: Reaper Expand, MMM Bio 

Get SALT Encoding   

  12  0:00  SCV  
  13  0:12  SCV  
  14  0:18  Supply Depot  
  14  0:24  SCV  
  15  0:39  SCV  
  15  0:41  Barracks  
  16  0:45  Refinery  
  16  0:52  SCV  
  17  1:04  SCV  
  18  1:16  SCV  
  19  1:28  Reaper  
  19  1:29  Orbital Command  
  20  1:46  Command Center  
  20  1:55  SCV  
  21  2:01  Barracks Reactor  
  21  2:07  SCV  
  22  2:10  Barracks  
  22  2:14  Supply Depot  
  22  2:20  SCV  
  23  2:28  Factory  
  23  2:35  SCV  
  23  2:36  Supply Depot  
  24  2:43  Marine x2  
  25  2:47  SCV  
  26  2:54  Bunker  
  26  2:57  Barracks Tech Lab  
  26  3:00  SCV  
  26  3:01  Orbital Command  
  26  3:04  Refinery  
  27  3:07  Marine  
  27  3:09  Marine  
  29  3:13  SCV  
  30  3:29  Marine  
  30  3:30  Marine x2  
  30  3:31  SCV, Stimpack  
  34  3:35  SCV  
  35  3:43  SCV  
  35  3:46  Supply Depot  
  35  3:47  SCV  
  35  3:48  Marine x2  
  37  3:49  Marine  
  37  3:55  Factory Reactor  
  40  3:56  Starport  
  39  4:26  Marine x3  
  39  4:28  SCV  
  39  4:29  SCV  
  44  4:34  Barracks  
  44  4:36  Barracks  
  44  4:40  SCV  
  44  4:41  Medivac x2  
  44  4:43  SCV  
  50  4:48  Supply Depot  
  50  4:50  Marine x2  
  50  4:51  Marine  
  50  4:52  SCV  
  54  4:59  SCV  
  55  5:07  Barracks  
  55  5:08  Factory Reactor  
  55  5:10  SCV  
  55  5:11  Engineering Bay  
  55  5:12  SCV  
  57  5:14  Medivac  
  57  5:15  Marine x3  
  62  5:24  SCV x2  
  62  5:26  Barracks Tech Lab  
  64  5:34  Marine x3  
  67  5:36  SCV  
  60  6:10  SCV x2  
  52  6:12  Missile Turret  
  52  6:16  Missile Turret  
  50  6:21  Missile Turret  
  50  6:22  SCV x2  
  43  6:34  SCV  
  43  6:35  SCV  
  41  6:40  Marine x2  
  41  6:41  Barracks Tech Lab  
  41  6:42  Barracks Reactor, Marine x2  
  41  6:43  Medivac x2  
  41  6:47  SCV x2, Refinery x2  
  51  6:58  Marine  
  51  6:59  SCV  
  53  7:02  Marauder x3, Marine  
  53  7:03  Combat Shields  
  53  7:05  Concussive Shells  
  53  7:06  SCV  
  61  7:11  SCV  
  61  7:14  Widow Mine x2  
  66  7:16  Marine  
  66  7:19  Marine, Medivac  
  70  7:22  Command Center  
  70  7:24  Marine x3  
  70  7:25  Supply Depot  
  70  7:26  Supply Depot  
  73  7:34  Marine  
  73  7:35  Marauder x2  
  78  7:46  Marine x4  
  78  7:50  SCV x2  
  84  7:52  Marine  
  85  8:01  Widow Mine  
  85  8:02  Widow Mine, SCV, Medivac  
  85  8:03  Medivac  
  94  8:06  Supply Depot  
  94  8:07  SCV  
  95  8:24  Bunker  
  95  8:35  Marauder x2, Marine x5  
  94  8:59  Planetary Fortress  
  94  9:02  Missile Turret  
  94  9:07  Missile Turret  
  94  9:09  Marauder, Marine x5  
  101  9:10  Marauder  
  101  9:14  SCV x2  
  105  9:34  Missile Turret  
  105  9:35  Refinery  
  105  9:36  Refinery, SCV  
  106  9:38  Supply Depot  
  106  9:45  Terran Infantry Weapons Level 1  
  106  9:47  Engineering Bay  
  106  9:53  Armory  
  106  10:04  Marauder x2, Marine x4  
  114  10:14  Factory  
  114  10:18  Factory Tech Lab  
  114  10:29  Marauder, Marine x4  
  114  10:30  Marine x2  
  122  10:39  Medivac x2  
  126  10:47  Marine x4  
  126  10:48  Marauder  
  132  10:59  Marauder x2  
  124  11:05  Marine x4  
  124  11:09  Marine  
  128  11:11  Liberator x2  
  127  11:21  Marauder, Marine  
  127  11:22  Marine  
  127  11:23  Marine x2  
  132  11:28  Supply Depot  
  132  11:29  Marauder  
  140  11:35  Supply Depot x2  
  140  11:39  Marauder  
  120  12:20  SCV, Marine x2  
  120  12:21  Marauder x2, Marine x3  
  99  12:27  Medivac x2  
  68  12:38  Marine x4  
  68  12:39  Marauder  
  68  12:42  Marauder x2  
  71  12:56  Marine  
Show
View Real Time Build Order
Export as new Build Order

dallaskuken Protoss 

Build Orders: Oracle Opening 

Get SALT Encoding   

  12  0:02  Probe (Chrono Boost)  
  13  0:12  Probe (Chrono Boost)  
  14  0:21  Pylon  
  14  0:23  Probe (Chrono Boost)  
  15  0:39  Probe (Chrono Boost)  
  16  0:45  Gateway  
  17  0:50  Probe (Chrono Boost)  
  17  0:55  Assimilator  
  17  0:58  Assimilator  
  17  1:00  Probe (Chrono Boost)  
  18  1:11  Probe (Chrono Boost)  
  19  1:21  Probe (Chrono Boost)  
  20  1:32  Cybernetics Core  
  20  1:34  Pylon  
  20  1:37  Zealot  
  23  1:40  Probe (Chrono Boost)  
  23  1:49  Pylon  
  23  1:52  Probe (Chrono Boost)  
  24  2:03  Probe (Chrono Boost)  
  25  2:09  Warp Gate  
  25  2:13  Probe (Chrono Boost)  
  25  2:14  Stargate  
  26  2:21  Stalker  
  28  2:32  Probe (Chrono Boost)  
  30  2:44  Probe (Chrono Boost)  
  30  2:51  Stalker  
  30  2:52  Gateway  
  30  2:53  Oracle  
  35  3:31  Pylon  
  30  4:37  Gateway  
  30  4:41  Gateway  
  30  4:43  Gateway  
  26  4:54  Void Ray  
  26  5:03  Stalker x2  
  34  5:18  Twilight Council  
  34  5:47  Nexus  
  34  6:01  Robotics Facility  
  34  6:04  Pylon  
  34  6:05  Pylon  
  34  6:09  Assimilator  
  34  6:14  Assimilator  
  34  6:15  Blink  
  34  6:17  Stalker  
  36  6:35  Forge  
  36  6:43  Stalker  
  36  6:44  Stalker x3  
  44  6:52  Pylon  
  44  6:54  Pylon  
  38  7:17  Probe (Chrono Boost)  
  38  7:20  Photon Cannon  
  39  7:24  Photon Cannon  
  39  7:27  Probe (Chrono Boost)  
  40  7:38  Probe (Chrono Boost)  
  41  7:48  Pylon, Probe (Chrono Boost)  
  41  7:50  Pylon  
  42  7:55  Observer  
  43  7:59  Stalker, Probe (Chrono Boost)  
  43  8:00  Stalker x4  
  54  8:10  Probe (Chrono Boost)  
  55  8:20  Probe (Chrono Boost)  
  52  8:56  Stalker  
  52  8:57  Stalker x3, Photon Cannon  
  52  8:58  Oracle  
  52  9:00  Photon Cannon  
  63  9:33  Nexus  
  63  9:36  Pylon  
  60  10:02  Pylon  
  58  10:27  Photon Cannon  
  58  10:30  Photon Cannon  
  58  10:32  Photon Cannon  
  58  10:34  Gateway  
  54  10:37  Gateway  
  32  12:25  Pylon  
  32  12:28  Pylon  
  32  12:31  Pylon  
  32  12:54  Zealot  
  32  12:55  Zealot x3  
Show
View Real Time Build Order
Export as new Build Order

Loken Zerg 

Build Orders: 3 Hatch before Pool 

Get SALT Encoding   

  12  0:03  Drone  
  13  0:13  Drone  
  14  0:18  Overlord  
  14  0:39  Drone x3  
  17  0:57  Hatchery  
  17  1:03  Drone  
  17  1:06  Drone  
  18  1:32  Drone  
  19  1:33  Drone  
  19  1:34  Drone  
  19  1:38  Hatchery  
  20  1:49  Spawning Pool  
  19  2:05  Drone  
  19  2:06  Drone x2  
  22  2:11  Extractor  
  22  2:12  Drone  
  22  2:17  Drone  
  23  2:26  Drone  
  24  2:31  Drone  
  25  2:38  Drone  
  25  2:40  Queen  
  28  2:47  Overlord  
  28  2:50  Queen  
  30  2:53  Drone x2  
  30  2:55  Drone  
  33  3:02  Drone  
  33  3:04  Overlord x2  
  34  3:10  Drone  
  35  3:14  Metabolic Boost  
  35  3:24  Zergling x2  
  35  3:25  Zergling x8  
  34  4:01  Drone x7  
  34  4:02  Drone x8  
  47  4:06  Queen  
  47  4:19  Drone x2  
  47  4:20  Drone  
  38  4:38  Spore Crawler  
  36  4:46  Drone  
  36  4:47  Drone x10  
  47  5:05  Extractor  
  46  5:18  Zergling x2  
  46  5:19  Zergling x22  
  57  5:23  Roach Warren  
  57  5:24  Lair  
  56  5:29  Drone  
  56  5:30  Drone  
  56  5:31  Overlord  
  56  5:32  Overlord x3  
  58  5:37  Extractor  
  57  5:56  Drone x5  
  57  5:57  Drone x4  
  66  6:02  Extractor  
  65  6:04  Extractor  
  65  6:06  Extractor  
  52  6:34  Roach  
  52  6:35  Roach x9  
  71  6:42  Lair  
  71  6:47  Overseer  
  71  6:48  Drone  
  71  6:49  Drone x8  
  80  7:13  Roach x5  
  90  7:18  Overlord x6  
  81  7:35  Hydralisk Den  
  77  7:48  Spore Crawler  
  73  7:51  Pneumatized Carapace  
  73  7:56  Zergling x20  
  73  7:57  Zergling x2  
  84  8:00  Hatchery  
  83  8:05  Queen  
  83  8:06  Hatchery x2  
  83  8:12  Queen  
  79  8:34  Queen  
  60  8:48  Queen  
  60  8:50  Hydralisk x7  
  60  8:51  Hydralisk x2  
  66  9:00  Queen  
  68  9:09  Drone  
  71  9:10  Drone x2  
  71  9:21  Hydralisk  
  71  9:22  Hydralisk x8  
  89  9:28  Muscular Augments  
  89  9:52  Hydralisk  
  89  9:53  Hydralisk x7  
  105  10:01  Drone  
  105  10:02  Drone x2  
  105  10:05  Overlord  
  105  10:06  Overlord  
  108  10:08  Overlord  
  108  10:30  Drone  
  108  10:31  Drone x11  
  108  10:32  Drone x2  
  108  11:06  Hydralisk  
  108  11:07  Hydralisk x11  
  94  11:46  Hydralisk  
  94  11:47  Hydralisk x13  
  94  11:52  Hydralisk  
  101  12:42  Roach x5  
  101  12:43  Roach x4  
  119  12:46  Roach x2  
Show
View Real Time Build Order
Export as new Build Order

Myran Protoss 

Build Orders:  

Get SALT Encoding   

  12  0:02  Probe (Chrono Boost)  
  13  0:13  Probe (Chrono Boost)  
  14  0:26  Pylon, Probe (Chrono Boost)  
  15  0:44  Probe (Chrono Boost)  
  15  0:49  Gateway  
  16  0:52  Pylon  
  16  0:54  Probe (Chrono Boost)  
  17  1:05  Probe (Chrono Boost)  
  17  1:09  Assimilator  
  18  1:16  Probe (Chrono Boost)  
  19  1:26  Probe (Chrono Boost)  
  19  1:30  Forge  
  20  1:35  Gateway  
  20  1:37  Probe (Chrono Boost)  
  20  1:39  Zealot  
  23  1:48  Probe (Chrono Boost)  
  24  1:58  Probe (Chrono Boost)  
  25  2:06  Zealot  
  25  2:07  Pylon  
  27  2:09  Probe (Chrono Boost)  
  28  2:19  Pylon  
  28  2:21  Probe (Chrono Boost)  
  29  2:25  Zealot  
  31  2:33  Zealot  
  33  2:37  Cybernetics Core  
  33  2:42  Gateway  
  33  2:49  Probe (Chrono Boost)  
  34  2:52  Zealot  
  36  3:00  Probe (Chrono Boost)  
  32  3:36  Zealot x3  
  36  4:02  Stalker  
  36  4:03  Stalker x2  
  40  4:30  Probe (Chrono Boost)  
  41  4:41  Probe (Chrono Boost)  
  42  5:07  Stalker x2  
  46  5:19  Stalker  
  47  5:27  Pylon  
  47  5:29  Assimilator  
  47  5:31  Warp Gate  
  47  5:34  Protoss Shields Level 1  
  47  5:45  Zealot x2, Probe (Chrono Boost)  
  47  5:49  Zealot  
  54  5:56  Probe (Chrono Boost)  
  55  6:14  Pylon  
  55  6:19  Stargate  
  55  6:29  Nexus  
  55  6:32  Zealot x3, Probe (Chrono Boost)  
  62  6:40  Photon Cannon  
  62  6:42  Pylon  
  62  7:17  Void Ray  
  62  7:18  Probe (Chrono Boost)  
  67  7:29  Probe (Chrono Boost)  
  68  7:50  Probe (Chrono Boost)  
  69  7:54  Void Ray  
  69  8:01  Probe (Chrono Boost)  
  74  8:07  Stargate  
  74  8:11  Probe (Chrono Boost)  
  75  8:13  Fleet Beacon  
  75  8:22  Probe (Chrono Boost)  
  31  8:49  Carrier  
  37  9:38  Carrier  
  43  10:23  Nexus  
  36  11:46  Fleet Beacon  
Show
View Real Time Build Order
Export as new Build Order

ScooT Terran 

Build Orders: MMM Bio 

Get SALT Encoding   

  12  0:01  SCV  
  13  0:14  SCV  
  14  0:19  Supply Depot  
  14  0:26  SCV  
  15  0:41  SCV  
  16  0:44  Barracks  
  16  0:52  Refinery  
  16  0:53  SCV  
  17  1:08  SCV  
  18  1:32  Barracks Tech Lab  
  18  1:37  Command Center  
  18  1:42  Orbital Command  
  18  1:51  Refinery  
  18  2:04  Stimpack  
  18  2:16  SCV  
  19  2:24  Barracks  
  19  2:29  Barracks  
  19  2:31  SCV  
  20  2:42  Marauder  
  20  2:43  SCV  
  23  2:52  Supply Depot  
  26  2:58  Orbital Command  
  23  3:09  Marine  
  23  3:11  Barracks Reactor  
  24  3:22  Factory  
  24  3:25  Barracks Reactor  
  24  3:34  SCV  
  25  3:35  SCV  
  26  3:42  Supply Depot  
  26  3:46  SCV  
  26  3:47  SCV  
  28  3:51  Marine  
  28  3:52  Marine  
  28  3:54  Marine  
  31  3:58  SCV  
  31  3:59  SCV  
  29  4:08  Marine  
  29  4:11  Marine  
  29  4:14  Engineering Bay  
  27  4:33  SCV  
  27  4:38  SCV  
  29  4:54  Missile Turret  
  29  4:58  SCV x2, Marine x2  
  29  4:59  Marine  
  34  5:09  Factory Reactor  
  34  5:10  SCV  
  34  5:11  Starport  
  34  5:13  SCV  
  36  5:22  SCV  
  36  5:25  SCV  
  38  5:28  Terran Infantry Weapons Level 1  
  38  5:29  Combat Shields  
  38  5:34  SCV, Marine x2  
  38  5:35  Marine x2  
  43  5:36  Marine  
  43  5:37  SCV  
  45  5:44  Refinery  
  45  5:49  SCV  
  46  6:01  Marine x5  
  51  6:19  Marine x3  
  54  6:27  Supply Depot  
  54  6:28  Marine x2  
  54  6:29  Medivac x2  
  60  6:36  Marine  
  60  6:37  Marine  
  60  6:38  Refinery  
  62  6:48  Marine x3, Supply Depot  
  62  6:52  Supply Depot  
  65  6:54  Marine x2  
  65  6:58  Medivac  
  69  7:06  Marine  
  69  7:07  Factory Reactor  
  70  7:10  SCV x2, Marine x2, Medivac  
  70  7:12  Marine  
  70  7:14  Supply Depot  
  77  7:22  SCV, Marine  
  78  7:23  Terran Infantry Armor Level 1  
  78  7:24  Marine  
  78  7:27  Marine x2  
  78  7:28  Medivac  
  84  7:36  Marine  
  85  7:40  Marine, Medivac  
  85  7:42  Marine  
  89  7:45  Marine  
  89  7:51  Barracks  
  90  7:57  Marine x2  
  90  7:58  Marine  
  92  7:59  Marine  
  94  8:09  Supply Depot  
  94  8:30  Widow Mine, Marine x3, Medivac  
  69  8:48  Marine  
  69  8:49  Marine x4  
  66  9:04  Widow Mine x2  
  66  9:06  Marine x3  
  66  9:07  Marine x2  
  75  9:14  Medivac x2  
  75  9:16  SCV  
  80  9:24  Marine x4  
  80  9:25  Marine  
  85  9:33  Widow Mine  
  85  9:36  Command Center  
  87  9:42  Marine x3  
  90  10:13  Marauder  
  92  10:14  Marine x4  
  96  10:32  Marine  
  96  10:35  Marauder  
  99  10:46  Marine x3  
  102  10:50  Marine  
  102  10:56  Marauder  
  105  11:04  Marine x3  
  106  11:07  Marine  
  108  11:18  Marauder  
  104  11:21  Marine x2  
  89  11:36  SCV  
  89  11:37  SCV  
  89  11:39  Marauder  
  93  11:47  Marine  
  93  11:48  SCV, Marine x3  
  98  11:58  Armory  
  98  12:00  Marauder  
  100  12:05  Marine x2  
  100  12:06  Marine x2  
  104  12:22  Marauder  
  106  12:23  Marine x2  
  104  12:43  Marauder  
  99  13:04  Marine x4  
  99  13:05  Marauder  
Show
View Real Time Build Order
Export as new Build Order

BlackWizard Zerg 

Build Orders: Pool First 

Get SALT Encoding   

  12  0:01  Drone  
  13  0:08  Drone  
  14  0:18  Overlord  
  14  0:36  Drone x3  
  17  0:46  Extractor  
  17  0:48  Spawning Pool  
  15  0:50  Drone  
  16  0:57  Drone  
  17  1:12  Drone  
  18  1:22  Drone  
  19  1:37  Queen  
  21  1:45  Hatchery  
  20  1:50  Drone x2  
  22  1:59  Overlord  
  22  2:04  Metabolic Boost  
  22  2:05  Extractor  
  21  2:18  Zergling x4  
  23  2:24  Zergling x2  
  24  2:37  Zergling x2  
  25  2:47  Zergling x4  
  25  2:50  Zergling x2  
  28  2:53  Baneling Nest  
  28  2:57  Zergling x2  
  28  3:00  Queen  
  28  3:02  Zergling x2  
  31  3:09  Overlord  
  31  3:10  Zergling x2  
  31  3:21  Zergling x2  
  31  3:22  Zergling x4  
  33  3:27  Zergling x2  
  33  3:31  Zergling x2  
  35  3:36  Zergling x2  
  34  3:42  Zergling x2  
  34  3:45  Zergling x2  
  36  3:53  Zergling x2  
  37  3:56  Zergling x2  
  37  4:02  Zergling x4  
  37  4:03  Zergling x2  
  28  4:25  Drone  
  28  4:26  Drone x4  
  33  4:35  Spore Crawler  
  32  4:43  Overlord  
  32  4:50  Drone x2  
  34  4:54  Drone  
  34  4:59  Drone  
  36  5:02  Drone  
  36  5:04  Drone  
  36  5:06  Drone  
  39  5:10  Drone  
  40  5:21  Zergling x4, Spore Crawler  
  40  5:22  Zergling x2  
  42  5:35  Drone x3, Evolution Chamber  
  44  5:38  Overlord  
  43  5:57  Drone  
  43  5:58  Drone x5  
  49  6:08  Zergling x2  
  49  6:09  Zergling x4  
  39  6:20  Zergling x4  
  39  6:21  Baneling x3  
  39  6:22  Zergling x6  
  40  6:28  Zergling x4  
  40  6:29  Zergling x2  
  40  6:31  Zergling x2  
  44  6:36  Drone  
  44  6:37  Drone x2  
  47  6:41  Drone  
  48  6:50  Drone  
  48  6:51  Drone  
  50  6:54  Drone  
  50  7:00  Overlord  
  47  7:08  Drone x3  
  44  7:09  Drone  
  47  7:20  Drone x2  
  49  7:25  Queen  
  49  7:27  Drone x2  
  53  7:30  Spore Crawler  
  53  7:31  Extractor  
  53  7:33  Zerg Melee Weapons Level 1  
  51  7:42  Drone  
  51  7:43  Drone x4  
  56  7:45  Extractor  
  56  7:49  Overlord  
  55  7:52  Lair  
  55  8:06  Overlord  
  55  8:12  Zergling x8  
  59  8:15  Hatchery  
  59  8:16  Zergling x2  
  59  8:24  Zergling x2  
  59  8:25  Zergling x4  
  62  8:30  Zergling x2  
  62  8:32  Zergling x2  
  64  8:47  Drone x2  
  66  8:55  Drone  
  66  8:59  Drone  
  66  9:02  Overlord x4  
  67  9:09  Evolution Chamber  
  66  9:12  Infestation Pit  
  65  9:18  Centrifical Hooks  
  65  9:20  Drone x6  
  65  9:21  Drone  
  72  9:26  Pneumatized Carapace  
  72  9:33  Queen  
  72  9:34  Drone  
  72  9:35  Drone x6  
  81  9:40  Zerg Melee Weapons Level 2  
  81  9:46  Zerg Ground Armor Level 1  
  81  9:55  Spore Crawler  
  80  10:00  Zergling x12  
  80  10:01  Zergling x2  
  87  10:15  Hive  
  87  10:23  Burrow  
  87  10:24  Extractor  
  87  10:25  Extractor  
  87  10:26  Overlord  
  85  10:35  Zergling x2  
  85  10:36  Zergling x26  
  97  10:47  Zergling x4  
  97  10:48  Zergling x2  
  96  10:55  Zergling x14  
  87  11:03  Overlord  
  73  11:11  Overlord  
  71  11:17  Drone x3  
  71  11:18  Drone x3  
  77  11:28  Adrenal Glands  
  77  11:29  Hatchery  
  77  11:31  Ultralisk Cavern  
  72  11:57  Overlord  
  71  12:24  Ultralisk x6  
  107  12:33  Ultralisk  
  107  12:35  Zergling x2  
  107  12:36  Baneling x11  
  114  12:37  Baneling  
  114  12:43  Zergling x4  
  114  12:44  Zergling x2  
  115  12:49  Zergling x6  
  115  12:50  Zergling x2  
  109  12:59  Zergling x6  
  109  13:00  Zergling x2  
  111  13:15  Hatchery  
Show
View Real Time Build Order
Export as new Build Order

VodkaPure Protoss 

Build Orders: Zealot Archon 

Get SALT Encoding   

  12  0:01  Probe (Chrono Boost)  
  13  0:11  Probe (Chrono Boost)  
  14  0:18  Pylon  
  14  0:22  Probe (Chrono Boost)  
  15  0:36  Probe (Chrono Boost)  
  15  0:37  Gateway  
  16  0:43  Assimilator  
  16  0:47  Probe (Chrono Boost)  
  17  0:54  Assimilator  
  17  0:57  Probe (Chrono Boost)  
  18  1:07  Gateway  
  18  1:09  Probe (Chrono Boost)  
  19  1:20  Probe (Chrono Boost)  
  19  1:24  Cybernetics Core  
  20  1:30  Probe (Chrono Boost)  
  20  1:32  Pylon  
  21  1:41  Probe (Chrono Boost)  
  22  1:52  Probe (Chrono Boost)  
  23  1:57  Warp Gate  
  23  2:01  Adept x2  
  23  2:03  Mothership Core (Chrono Boost)  
  29  2:09  Pylon  
  29  2:22  Probe (Chrono Boost)  
  29  2:32  Probe (Chrono Boost)  
  30  2:45  Probe (Chrono Boost)  
  31  2:56  Twilight Council  
  32  2:59  Probe (Chrono Boost)  
  32  3:05  Nexus  
  32  3:09  Pylon  
  32  3:11  Probe (Chrono Boost)  
  33  3:22  Pylon  
  33  3:23  Pylon  
  33  3:45  Charge  
  33  3:52  Probe (Chrono Boost)  
  32  4:04  Dark Shrine, Probe (Chrono Boost)  
  32  4:16  Probe (Chrono Boost)  
  31  4:27  Probe x2 (Chrono Boost)  
  33  4:31  Gateway  
  33  4:32  Gateway  
  33  4:34  Assimilator  
  33  4:37  Probe (Chrono Boost)  
  34  4:39  Assimilator  
  34  4:45  Probe (Chrono Boost)  
  35  4:55  Gateway  
  35  4:56  Gateway  
  36  5:00  Probe (Chrono Boost)  
  36  5:01  Probe (Chrono Boost)  
  37  5:11  Probe (Chrono Boost)  
  37  5:13  Probe (Chrono Boost)  
  39  5:18  Dark Templar x2  
  43  5:21  Probe (Chrono Boost)  
  43  5:25  Pylon  
  43  5:26  Probe (Chrono Boost)  
  45  5:32  Probe (Chrono Boost)  
  46  5:37  Probe (Chrono Boost)  
  47  5:42  Probe (Chrono Boost)  
  47  5:48  Dark Templar x2  
  47  5:56  Dark Templar x2  
  43  6:10  Probe x2 (Chrono Boost)  
  43  6:21  Probe x2 (Chrono Boost)  
  43  6:31  Probe (Chrono Boost)  
  44  6:35  Dark Templar x2  
  44  6:37  Archon  
  48  6:42  Probe x2 (Chrono Boost)  
  48  6:52  Probe (Chrono Boost)  
  48  6:53  Probe (Chrono Boost)  
  50  7:03  Probe (Chrono Boost), Archon  
  50  7:05  Dark Templar  
  50  7:06  Probe (Chrono Boost)  
  54  7:13  Probe (Chrono Boost)  
  54  7:15  Dark Templar  
  57  7:19  Dark Templar x2  
  57  7:22  Probe (Chrono Boost)  
  62  7:24  Pylon  
  62  7:29  Pylon  
  62  7:31  Pylon, Archon x2  
  62  7:42  Probe (Chrono Boost)  
  63  7:47  Dark Templar  
  63  7:48  Dark Templar, Nexus  
  63  7:49  Dark Templar  
  69  7:53  Archon  
  69  7:54  Probe (Chrono Boost), Archon  
  69  7:55  Probe (Chrono Boost)  
  71  8:05  Probe x2 (Chrono Boost)  
  73  8:06  Dark Templar  
  73  8:07  Dark Templar  
  77  8:14  Archon  
  77  8:15  Probe (Chrono Boost)  
  77  8:16  Zealot  
  80  8:20  Zealot  
  82  8:27  Probe x2 (Chrono Boost)  
  84  8:38  Probe (Chrono Boost)  
  83  8:49  Dark Templar  
  85  8:57  Pylon  
  85  8:59  Pylon  
  85  9:01  Pylon  
  85  9:02  Pylon x2  
  85  9:04  Pylon  
  85  9:07  Assimilator, Zealot  
  85  9:08  Zealot x4  
  95  9:11  Assimilator  
  95  9:15  Pylon  
  97  9:17  Mothership Core (Chrono Boost)  
  97  9:18  Probe (Chrono Boost)  
  97  9:19  Probe (Chrono Boost)  
  97  9:23  Dark Templar  
  101  9:29  Zealot x2  
  101  9:30  Zealot x3  
  111  9:33  Probe (Chrono Boost)  
  112  9:41  Probe (Chrono Boost)  
  113  9:47  Gateway  
  113  9:48  Gateway  
  113  9:52  Templar Archives  
  113  10:02  Dark Templar x2  
  113  10:03  Dark Templar x2  
  121  10:17  Psionic Storm  
  117  10:23  Archon  
  117  10:24  Archon  
  117  10:27  Zealot x2  
  121  10:37  High Templar x4  
  129  10:47  Archon  
  129  10:48  Archon  
  126  11:04  High Templar x2  
  126  11:05  High Templar x2  
  126  11:07  Probe (Chrono Boost)  
  135  11:27  Zealot x4  
  139  11:38  Zealot x2  
  139  11:39  Zealot x2  
  147  11:52  Zealot  
  99  12:28  Zealot x3  
  99  12:29  Zealot x5  
  99  13:05  High Templar x2  
  99  13:06  High Templar x6  
  99  13:12  Archon  
  115  13:16  Archon x3  
  115  13:17  Archon  
Show
View Real Time Build Order
Export as new Build Order

Mendou Protoss 

Build Orders: Oracle Opening, Phoenix Opening 

Get SALT Encoding   

  12  0:01  Probe (Chrono Boost)  
  13  0:11  Probe (Chrono Boost)  
  14  0:17  Pylon  
  14  0:25  Probe (Chrono Boost)  
  15  0:36  Gateway  
  15  0:42  Assimilator  
  15  0:45  Probe (Chrono Boost)  
  16  0:52  Assimilator  
  16  0:55  Probe (Chrono Boost)  
  17  1:06  Probe (Chrono Boost)  
  18  1:16  Probe (Chrono Boost)  
  19  1:21  Pylon  
  19  1:24  Cybernetics Core  
  19  1:27  Probe (Chrono Boost)  
  19  1:32  Assimilator  
  20  1:45  Probe (Chrono Boost)  
  21  1:57  Probe (Chrono Boost)  
  21  2:01  Stargate  
  22  2:28  Mothership Core (Chrono Boost)  
  24  2:39  Oracle  
  24  2:48  Probe (Chrono Boost)  
  27  3:09  Nexus  
  27  3:11  Oracle, Pylon  
  30  3:56  Phoenix  
  32  4:05  Pylon  
  32  4:13  Stargate  
  29  4:41  Probe (Chrono Boost)  
  29  4:42  Probe (Chrono Boost)  
  31  4:47  Forge  
  31  4:48  Phoenix  
  31  4:49  Assimilator  
  31  4:51  Probe (Chrono Boost)  
  35  4:53  Assimilator  
  35  4:54  Probe (Chrono Boost), Protoss Air Weapons Level 1  
  35  5:02  Probe (Chrono Boost)  
  35  5:03  Phoenix  
  35  5:06  Probe (Chrono Boost)  
  39  5:10  Stargate  
  39  5:12  Probe (Chrono Boost)  
  40  5:18  Probe (Chrono Boost)  
  41  5:23  Oracle, Probe (Chrono Boost)  
  45  5:30  Photon Cannon  
  45  5:33  Probe (Chrono Boost)  
  46  5:51  Phoenix  
  46  5:55  Phoenix  
  50  6:35  Phoenix  
  50  6:39  Phoenix  
  54  6:47  Pylon, Probe (Chrono Boost)  
  54  6:50  Protoss Air Armor Level 1  
  54  6:53  Fleet Beacon  
  55  6:54  Phoenix  
  55  6:58  Probe (Chrono Boost)  
  58  7:16  Probe (Chrono Boost)  
  58  7:18  Probe (Chrono Boost)  
  60  7:27  Probe (Chrono Boost)  
  62  7:30  Probe (Chrono Boost)  
  62  7:54  Probe (Chrono Boost)  
  62  7:55  Probe (Chrono Boost)  
  64  8:07  Probe (Chrono Boost)  
  65  8:17  Pylon  
  65  8:19  Pylon  
  65  8:24  Carrier  
  65  8:35  Carrier  
  65  8:37  Carrier  
  82  9:04  Graviton Catapult  
  82  9:05  Protoss Air Weapons Level 2  
  82  9:09  Nexus  
  82  9:10  Pylon  
  82  9:11  Stargate  
  82  9:16  Stargate  
  82  9:22  Pylon  
  82  9:23  Pylon  
  82  9:39  Carrier  
  82  9:44  Probe (Chrono Boost)  
  84  9:46  Probe (Chrono Boost)  
  84  9:47  Photon Cannon  
  84  9:50  Pylon  
  90  9:53  Assimilator  
  90  9:57  Carrier  
  96  10:08  Carrier  
  102  10:16  Probe (Chrono Boost)  
  102  10:18  Probe (Chrono Boost)  
  102  10:20  Assimilator  
  104  10:30  Probe (Chrono Boost)  
  95  11:06  Carrier  
  95  11:11  Carrier x2  
  113  11:19  Probe (Chrono Boost)  
  114  11:29  Carrier  
  114  11:30  Probe (Chrono Boost)  
  121  11:37  Stargate  
  121  11:42  Stargate  
  127  12:20  Photon Cannon  
  133  12:55  Pylon  
  133  12:57  Pylon  
Tags
 
Add a new tag
Caveats
  • Supply blocks, unpowered buildings, or Contaminate may cause inaccurate times.
  • Supply counts are checked every 10 seconds.